 Dungeon Crawl Stone Soup version 0.25.0-11-g1f837a76a1 (webtiles) character file.

Game seed: 16093649642832622798

12099 xccam the Slicer (level 11, 0/67 HPs)
             Began as a Tengu Assassin on June 25, 2020.
             Was an Elder of Vehumet.
             Killed from afar by a gargoyle (17 damage)
             ... with a stone arrow
             ... on level 11 of the Dungeon.
             The game lasted 00:30:14 (15290 turns).

xccam the Slicer (Tengu Assassin)                  Turns: 15290, Time: 00:30:15

Health: 0/67       AC:  6    Str: 12    XL:     11   Next: 88%
Magic:  17/17      EV: 20    Int: 15    God:    Vehumet [****..]
Gold:   499        SH:  5    Dex: 15    Spells: 3/17 levels left

rFire    + . .     SeeInvis +   B - +1 rapier (venom)
rCold    . . .     Gourm    .   K - +0 buckler
rNeg     . . .     Faith    .   J - +0 leather armour
rPois    .         Spirit   .   (helmet restricted)
rElec    .         Reflect  .   c - +0 cloak
rCorr    .         Harm     .   r - +0 pair of gloves
MR       .....                  (boots unavailable)
Stlth    ++........             q - amulet of magic regeneration
HPRegen  0.21/turn              p - ring of see invisible
MPRegen  0.40/turn              u - ring of protection from fire

@: flying quickly and evasively, quick
A: beak, talons 3, able to fly
a: Stop Flying, Renounce Religion


You were on level 11 of the Dungeon.
You worshipped Vehumet.
Vehumet was greatly pleased with you.
You were not hungry.

You visited 2 branches of the dungeon, and saw 12 of its levels.
You also visited: Ossuary.

You collected 616 gold pieces.
You spent 117 gold pieces at shops.

Inventory:

Hand Weapons
 x - a +2 dagger of speed
 B - a +1 rapier of venom (weapon)
Missiles
 b - 89 stones
 d - 28 poisoned darts (quivered)
 e - 2 curare-tipped darts
Armour
 c - a +0 cloak (worn)
 r - a +0 pair of gloves (worn)
 J - a +0 leather armour (worn)
 K - a +0 buckler (worn)
 M - a +0 scale mail
Jewellery
 k - a +6 ring of dexterity
 p - a ring of see invisible (left hand)
 q - an amulet of magic regeneration (around neck)
 u - a ring of protection from fire (right hand)
 D - an uncursed amulet of faith
 P - an uncursed ring of fire {unknown}
 Q - a cursed amulet of inaccuracy {unknown}
Wands
 a - a wand of flame (5)
 A - a wand of disintegration (11)
 E - a wand of iceblast (1)
 I - a wand of acid (6)
 L - a wand of polymorph (23)
Scrolls
 g - 2 scrolls of enchant weapon
 i - 7 scrolls of remove curse
 l - 2 scrolls of teleportation
 n - 3 scrolls of amnesia
 t - 3 scrolls of magic mapping
 w - a scroll of blinking {unknown}
 y - a scroll of fog {unknown}
 z - a scroll of fear
 H - a scroll of acquirement {unknown}
 N - 3 scrolls of identify
 O - a scroll of torment {unknown}
Potions
 h - 2 potions of haste
 j - a potion of lignification
 m - 2 potions of cancellation {unknown}
 o - 3 potions of stabbing
 s - a potion of mutation
 v - 2 potions of curing
 F - a potion of brilliance
 G - 2 potions of might
Comestibles
 f - 15 rations
 C - a chunk of flesh


   Skills:
 - Level 7.6 Fighting
 - Level 10.0 Short Blades
 - Level 2.0 Throwing
 - Level 7.9 Armour
 - Level 8.0 Dodging
 - Level 4.0 Stealth
 + Level 4.2 Shields
 + Level 3.7 Spellcasting
 + Level 6.7 Conjurations
 + Level 1.6 Charms
 - Level 5.0 Fire Magic
 + Level 4.9 Air Magic


You had 3 spell levels left.
You knew the following spells:

 Your Spells              Type           Power        Failure   Level  Hunger
a - Sandblast             Erth           #.....       6%          1    None
b - Foxfire               Conj/Fire      ###.         1%          1    None
c - Searing Ray           Conj           ###...       1%          2    ##.....
d - Lightning Bolt        Conj/Air       ###.......   16%         5    ######.
e - Iskenderun's Battles  Conj/Chrm      ###.....     28%         5    ######.

Your spell library contained the following spells:

 Spells                   Type           Power        Failure   Level  Hunger
 Apportation              Tloc           #.....       22%         1    None


Dungeon Overview and Level Annotations

Branches:
Dungeon (11/15)            Temple (1/1) D:4            Lair (0/6) D:10
    Orc (0/2) D:9         Ossuary (visited)

Altars:
Ashenzari
Cheibriados
Elyvilon
Fedhas
Gozag
Hepliaklqana
Kikubaaqudgha
Makhleb
Sif Muna
Vehumet
Xom
The Shining One

Shops:
D:9 [   D:11 (

Annotations:
D:3 1 runed translucent door, raith's ghost, amateur DsFi
D:10 1 transporter


Innate Abilities, Weirdness & Mutations

You have a beak for a mouth.
You have claws for feet.
You can fly continuously.


Message History

The gargoyle is almost destroyed.
The gargoyle completely misses you.
You hit the gargoyle but do no damage.
The gargoyle is almost destroyed.
You barely miss the gargoyle. Your kick misses the gargoyle.
You peck the gargoyle, but do no damage.
The gargoyle is almost destroyed.
The gargoyle hurls a stone arrow at you.
The stone arrow hits you!!
* * * LOW HITPOINT WARNING * * *
You hit the gargoyle but do no damage.
You claw the gargoyle, but do no damage.
You peck the gargoyle, but do no damage.
The gargoyle is almost destroyed.
You hit the gargoyle.
You peck the gargoyle, but do no damage.
The gargoyle is almost destroyed.
The gargoyle hurls a stone arrow at you.
The stone arrow hits you!
You die...

#......# #.......# #.....
#......# #.......# #####.
#......### #.......# ###..
###......###.......# #....
###.#.....†...)....# ##..###
#.........##<......# #......
#..........#.......####..####
#..........#.......##...#
#...........@......#....###
#......[[...9.#.##........###
#...................#####....
#.......[.####......# ######.
#.........# #..#.............
#.........# #..###..#########
#.........##.... ##.# #
###.###.#####.## ... #. #.#
#. #..# #


You could see a gargoyle.

Vanquished Creatures
  Snorg (D:10)
  Harold (D:7)
  A two-headed ogre (D:10)
  Pikel (D:8)
  An elephant (D:10)
  2 centaur zombies
  A komodo dragon (D:6)
  2 hippogriffs
  A shadow (D:11)
  5 yaks (D:11)
  4 hogs (D:8)
  A human (D:8)
  A basilisk (D:10)
  Grum (D:10)
  A slave (D:8)
  An ice beast (D:9)
  3 sky beasts
  3 orc warriors
  An eye of draining (D:11)
  2 phantoms
  3 necrophages
  6 centaurs
  4 wolves
  A crocodile (D:10)
  4 ogres
  7 bullfrogs
  8 water moccasin zombies (Ossuary)
  4 scorpions
  A troll zombie (D:9)
  5 killer bees (D:8)
  2 wights (D:9)
  5 howler monkeys
  8 crimson imps
  7 hounds
  2 quasits
  3 jellies
  5 orc priests
  3 human skeletons (D:9)
  A human zombie (D:9)
  2 iguanas
  Terence (D:2)
  16 orc wizards
  8 worker ants
  3 big kobold zombies (Ossuary)
  A hound zombie (D:11)
  6 mummies
  Robin (D:2)
  A howler monkey zombie (D:10)
  14 gnolls
  2 worker ant zombies
  13 adders
  2 shadow imps
  An ooze (D:3)
  2 adder skeletons
  4 adder zombies (Ossuary)
  A worm (D:4)
  7 leopard geckos
  64 orcs
  3 ball pythons
  2 bat skeletons (D:2)
  5 giant cockroaches
  4 gnoll zombies (Ossuary)
  14 goblins
  10 hobgoblins
  2 jackals (D:4)
  4 quokkas
  8 bats
  7 frilled lizards
  A giant cockroach zombie (D:2)
  3 hobgoblin zombies (Ossuary)
  5 kobolds
  8 kobold zombies (Ossuary)
  A leopard gecko skeleton (D:4)
  6 orc zombies (Ossuary)
  A quokka skeleton (D:2)
  A quokka zombie (D:8)
  11 rats
358 creatures vanquished.

Vanquished Creatures (others)
  15 foxfires
15 creatures vanquished.

Grand Total: 373 creatures vanquished

Notes
Turn   | Place    | Note
-------+----------+-------------------------------------------
     0 | D:1      | xccam the Tengu Assassin began the quest for the Orb.
     0 | D:1      | Reached XP level 1. HP: 12/12 MP: 2/2
   172 | D:1      | Reached skill level 3 in Short Blades
   172 | D:1      | Reached XP level 2. HP: 13/17 MP: 3/3
   458 | D:1      | Reached XP level 3. HP: 21/21 MP: 4/4
   804 | D:1      | Reached skill level 4 in Short Blades
  1096 | D:2      | Found a burning altar of Makhleb.
  1191 | D:2      | Found a blossoming altar of Fedhas.
  1266 | D:2      | Noticed Terence
  1280 | D:2      | Killed Terence
  1280 | D:2      | Reached XP level 4. HP: 21/26 MP: 5/5
  1398 | D:2      | Reached skill level 5 in Short Blades
  1605 | D:2      | Gained mutation: You can fly continuously. [Tengu growth]
  1605 | D:2      | Reached XP level 5. HP: 27/30 MP: 6/6
  1881 | D:2      | Noticed Robin
  1886 | D:2      | Killed Robin
  2070 | D:2      | Reached skill level 6 in Short Blades
  2424 | D:3      | Reached skill level 1 in Armour
  2424 | D:3      | Reached XP level 6. HP: 36/36 MP: 7/7
  2529 | D:3      | Noticed raith's ghost (amateur DsFi)
  2530 | D:3      | Found a runed translucent door.
  2799 | D:3      | Found a shimmering blue altar of Sif Muna.
  2833 | D:3      | Identified Sif Muna's Compendium of Dislocation
  3303 | D:4      | Reached XP level 7. HP: 39/41 MP: 8/8
  3544 | D:4      | Found a hazy altar of Hepliaklqana.
  3545 | D:4      | Found a shimmering altar of Xom.
  3545 | D:4      | Noticed a caustic shrike
  3546 | D:4      | Noticed a spectral ugly thing
  3546 | D:4      | Noticed a caustic shrike
  3708 | D:4      | Found a staircase to the Ecumenical Temple.
  3717 | Temple   | Entered the Ecumenical Temple
  3723 | Temple   | Became a worshipper of Vehumet
  3968 | D:4      | Reached skill level 7 in Short Blades
  4312 | D:5      | Entered Level 5 of the Dungeon
  4321 | D:5      | Reached XP level 8. HP: 48/48 MP: 9/9
  5261 | D:5      | Found a white marble altar of Elyvilon.
  5892 | D:6      | Found a sand-covered staircase.
  5901 | Ossuary  | Entered an ossuary
  6057 | Ossuary  | Reached skill level 5 in Dodging
  6060 | Ossuary  | Reached * piety under Vehumet
  6060 | Ossuary  | Offered knowledge of Sandblast by Vehumet.
  6068 | Ossuary  | Reached skill level 5 in Fighting
  6079 | Ossuary  | Learned a level 1 spell: Sandblast
  6110 | Ossuary  | Reached skill level 8 in Short Blades
  6110 | Ossuary  | Reached skill level 5 in Armour
  6148 | Ossuary  | Reached XP level 9. HP: 36/54 MP: 10/10
  6342 | Ossuary  | Reached ** piety under Vehumet
  6344 | Ossuary  | Offered knowledge of Foxfire by Vehumet.
  6355 | Ossuary  | Learned a level 1 spell: Foxfire
  7034 | D:6      | Noticed a komodo dragon
  7080 | D:6      | Killed a komodo dragon
  7714 | D:7      | Reached skill level 9 in Short Blades
  7742 | D:7      | Noticed Harold
  7765 | D:7      | Killed Harold
  7765 | D:7      | Reached XP level 10. HP: 26/61 MP: 11/11
  8477 | D:7      | Offered knowledge of Searing Ray by Vehumet.
  8481 | D:7      | Learned a level 2 spell: Searing Ray
  9356 | D:8      | Found a snail-covered altar of Cheibriados.
  9453 | D:8      | Reached *** piety under Vehumet
  9760 | D:8      | Reached skill level 10 in Short Blades
 10622 | D:8      | Reached skill level 1 in Conjurations
 10622 | D:8      | Reached skill level 1 in Fire Magic
 10631 | D:8      | Reached skill level 1 in Spellcasting
 10639 | D:8      | Offered knowledge of Olgreb's Toxic Radiance by Vehumet.
 10944 | D:9      | Noticed Pikel
 11152 | D:8      | Killed Pikel
 11152 | D:8      | Reached XP level 11. HP: 26/67 MP: 14/16
 11580 | D:9      | Found Ischasirph's Antique Armour Emporium.
 11666 | D:9      | Bought a buckler for 117 gold pieces
 11694 | D:9      | Found a glowing golden altar of the Shining One.
 11949 | D:9      | Reached **** piety under Vehumet
 12010 | D:9      | Found a staircase to the Orcish Mines.
 12044 | D:9      | Offered knowledge of Lightning Bolt by Vehumet.
 12044 | D:9      | Reached skill level 1 in Shields
 12066 | D:9      | Learned a level 5 spell: Lightning Bolt
 12488 | D:9      | Reached skill level 1 in Air Magic
 12522 | D:9      | Found an ancient bone altar of Kikubaaqudgha.
 12542 | D:9      | Reached skill level 5 in Conjurations
 12632 | D:10     | Entered Level 10 of the Dungeon
 12664 | D:10     | Noticed Grum
 12789 | D:10     | Noticed a two-headed ogre
 13064 | D:10     | Found a staircase to the Lair.
 13125 | D:10     | HP: 3/100 [worker ant (5)]
 13141 | D:10     | Reached ***** piety under Vehumet
 13495 | D:10     | Noticed Snorg
 13509 | D:10     | Killed Snorg
 13509 | D:10     | Offered knowledge of Iskenderun's Battlesphere by Vehumet.
 13509 | D:10     | Reached skill level 5 in Fire Magic
 13523 | D:10     | Learned a level 5 spell: Iskenderun's Battlesphere
 13645 | D:10     | Killed Grum
 13742 | D:10     | Killed a two-headed ogre
 13742 | D:10     | Reached skill level 1 in Charms
 14023 | D:10     | Found a transporter.
 14025 | D:10     | Found a transporter.
 14047 | D:10     | Noticed a great orb of eyes
 14431 | D:11     | Found Kireuremm's Antique Weapon Boutique.
 15290 | D:11     | Killed from afar by a gargoyle

Illustrated notes

Levels and vault maps discovered:
D:1:      dpeg_arrival_rooms_a, layout_loops_cross, minivault_27
D:2:      layout_basic, nicolae_overflow_crystal_walls, bloody_makhleb,
          serial_undead, serial_undead_e, serial_undead_a, serial_undead_a,
          serial_undead_d, uniq_robin, uniq_terence
D:3:      layout_basic, led_sif_book, hellmonk_ghost_happy_afterlife
D:4:      layout_loops_ring, regret_index_temple_of_mockery,
          minmay_temple_entry_waves
D:5:      layout_layer_cave, old_standard_altar, first_ration,
          grunt_ministairs_6, minmay_misc_feat_tower
D:6:      layout_basic, nicolae_ossuary_entry_ruins
D:7:      layout_rooms, uniq_harold
D:8:      layout_loops_ring, slow_altar_1, grunt_livestock,
          hangedman_abyss_or_decor_jellyfish_corner
D:9:      layout_cave_pools, hiddenorc2_lemuel, serial_shops, shop, basic_altar,
          lemuel_mausoleum_altar_kikubaaqudgha, uniq_pikel
D:10:     gammafunk_jiyva_shrine, layout_rooms, david_lair_generic, uniq_grum,
          uniq_snorg
D:11:     layout_rooms, serial_shops, nicolae_shop_trees, due_unseen_surprise
Temple:   eino_wide_crystal_templ

Skill      XL: |  1  2  3  4  5  6  7  8  9 10 11 |
---------------+----------------------------------+-----
Short Blades   | 3 4 5 6 7 8 9 10 | 10.0
Armour         | 1 2 3 5 7 |  7.9
Dodging        | 2 3 5 7 8 |  8.0
Fighting       | 3 5 6 7 |  7.6
Conjurations   | 3 6 |  6.7
Fire Magic     | 3 5 |  5.0
Spellcasting   | 2 3 |  3.7
Shields        | 4 |  4.2
Air Magic      | 4 |  4.9
Charms         | 1 |  1.6
Throwing       | |  2.0
Stealth        | |  4.0

Action                   |  1- 3 |  4- 6 |  7- 9 | 10-12 || total
-------------------------+-------+-------+-------+-------++-------
Melee: Dagger            |    53 |   164 |   602 |   720 ||  1539
       Kick              |    16 |    59 |   181 |   256 ||   512
       Peck              |     5 |    30 |   119 |   174 ||   328
       Rapier            |       |       |       |   241 ||   241
Throw: Dart              |     9 |       |    17 |    53 ||    79
 Cast: Foxfire           |       |       |       |     9 ||     9
       Searing Ray       |       |       |       |     6 ||     6
       Sandblast         |       |       |       |     4 ||     4
 Abil: Fly               |       |     2 |       |       ||     2
       Stop Flying       |       |     1 |       |       ||     1
Evoke: Wand              |       |       |     3 |     8 ||    11
  Use: Scroll            |       |       |    12 |    10 ||    22
       Potion            |       |       |     2 |     7 ||     9
 Stab: Sleeping          |     5 |     9 |    10 |    13 ||    37
       Distracted        |       |     1 |       |     2 ||     3
  Eat: Chunk             |     1 |     6 |    10 |    18 ||    35
       Ration            |       |       |     1 |     2 ||     3
Armor: Robe              |     5 |    23 |    29 |    14 ||    71
       Skin              |       |       |       |   136 ||   136
       Leather armour    |       |       |       |    40 ||    40
Dodge: Dodged            |    27 |    85 |   226 |   440 ||   778
Block: Buckler           |       |       |       |    91 ||    91
